 Dungeon Crawl Stone Soup version 0.17-a0-1650-gce8475a (webtiles) character file.

28748 Nakatomy the Warrior (level 13, -32/130 HPs)
             Began as a Minotaur Fighter on Aug 13, 2015.
             Was a High Priest of Okawaru.
             Annihilated by a komodo dragon (39 damage)
             ... on level 4 of the Lair of Beasts.
             The game lasted 01:41:12 (21378 turns).

Nakatomy the Warrior (Minotaur Fighter)            Turns: 21378, Time: 01:41:12

Health: -32/130    AC: 18    Str: 26    XL:     13   Next: 11%
Magic:  13/13      EV:  8    Int:  5    God:    Okawaru [*****.]
Gold:   825        SH:  0    Dex: 10    Spells: 0 memorised, 13 levels left

rFire  . . .     SeeInvis .     a - +2 quarterstaff (chaos)
rCold  . . .     Clarity  .     r - +0 plate armour
rNeg   . . .     SustAt   .     (no shield)
rPois  +         Gourm    .     (helmet restricted)
rElec  .         Spirit   .     X - +0 cloak {rPois}
rCorr  .         Warding  .     (no gloves)
rMut   .         Stasis   .     (no boots)
MR     .....                    (no amulet)
Stlth  ..........               (no ring)
                                k - ring of wizardry

@: not resistant to hostile enchantments, extremely unstealthy
A: retaliatory headbutt, horns 2
a: Heroism, Finesse, Renounce Religion


You were on level 4 of the Lair of Beasts.
You worshipped Okawaru.
Okawaru was extremely pleased with you.
You were not hungry.

You visited 3 branches of the dungeon, and saw 15 of its levels.
You also visited: Ossuary.

You collected 825 gold pieces.

Inventory:

Hand weapons
 a - a +2 quarterstaff of chaos (weapon)
 b - the +3 greatsling "Pekirghua" {velocity, Int+2}
   (Okawaru gifted it to you on level 2 of the Lair of Beasts)

   Any stone fired from it inflicts extra damage.
   It affects your intelligence (+2).
 E - a +1 quarterstaff of protection
 W - a +0 hunting sling
Missiles
 h - 442 stones (quivered)
Armour
 c - a +0 shield
 r - a +0 plate armour (worn)
 y - a +1 cloak
 P - a +2 buckler
 U - a +2 pair of gloves
 X - a +0 cloak of poison resistance (worn)
Jewellery
 k - a ring of wizardry (left hand)
Magical devices
 o - a wand of frost (20)
 x - a wand of slowing (16)
 I - a wand of slowing (22)
 J - a wand of teleportation (6)
 V - a wand of polymorph (1)
 Y - a wand of frost (31)
Scrolls
 f - 2 scrolls of fog {unknown}
 i - a scroll of silence {unknown}
 j - 3 scrolls of amnesia {unknown}
 m - 3 scrolls of teleportation {unknown}
 t - 9 scrolls of remove curse
 v - 3 scrolls of identify
 w - a scroll of brand weapon {unknown}
 A - 5 scrolls of immolation {unknown}
 B - a scroll of recharging
 D - 4 scrolls of noise {unknown}
 F - 3 scrolls of fear {unknown}
 R - 3 scrolls of blinking {unknown}
 S - 2 scrolls of enchant weapon {unknown}
Potions
 d - 4 potions of might
 g - 7 potions of agility
 p - 2 potions of invisibility
 q - 8 potions of curing
 u - a potion of resistance
 C - 2 potions of haste
Comestibles
 e - 5 bread rations
 l - 5 meat rations
 n - 8 chunks of flesh
 z - 4 slices of pizza
 N - 3 beef jerkies


   Skills:
 - Level 16.8 Fighting
   Level 10.2(11.5) Polearms
 - Level 8.9(10.9) Staves
 + Level 14.2 Armour
 - Level 4.7 Shields
 - Level 0.6 Spellcasting
 + Level 2.6 Evocations


You had 13 spell levels left.
You didn't know any spells.

Dungeon Overview and Level Annotations

Branches:
Dungeon (10/15)            Temple (1/1) D:6            Lair (4/8) D:8
  Swamp: Lair:3-6    Shoals: Lair:3-6     Snake: Lair:3-6    Spider: Lair:3-6
    Orc: D:9-12

Altars:
Ashenzari
Gozag
Kikubaaqudgha
Makhleb
Nemelex Xobeh
Okawaru
Ru
Sif Muna
Trog
Xom
Yredelemnul

Annotations:
D:2 exclusion: shadow imp, Natasha
Lair:2 exclusion: ice statue


Innate Abilities, Weirdness & Mutations

You reflexively headbutt those who attack you in melee.
You have a pair of horns on your head.


Message History

The komodo dragon bites you!!
* * * LOW HITPOINT WARNING * * *
The water moccasin bites you but does no damage.
Evoke which item? (* to show all) (? for menu, Esc to quit)
Okay, then.
Unknown command.
Drink which item? (? for menu, Esc to quit)
You feel better. The komodo dragon misses you.
The water moccasin barely misses you. You furiously retaliate!
You headbutt the water moccasin. The komodo dragon barely misses you.
You furiously retaliate!
You headbutt the komodo dragon. The komodo dragon bites you!
* * * LOW HITPOINT WARNING * * *
Drink which item? (? for menu, Esc to quit)
You feel better. The water moccasin closely misses you.
The komodo dragon bites you but does no damage.
The water moccasin bites you.
* * * LOW HITPOINT WARNING * * *
The komodo dragon bites you!!!
You die...

...........###...................
.......................[........#
.................................
..............P.......รท.....##..
##....#......#.(.........######
#...#..........##P.P....#
.....#.....#...###PPP...##
.....P........## #####...#
.........#S@# #...# .........l##
###..### # ........## #......##.
.........# #...##.... ........##
###.##.#.#.# .....#...## #..#
#####. ...##.....####..# #..
...$.##....$...# #..
...###.##......### ###


You could see a komodo dragon (berserk) and a water moccasin.

Vanquished Creatures
  An ice dragon (Lair:2)
  3 hydras
  An unseen horror (D:10)
  The ghost of timbw the Archer, an experienced CeHu of Okawaru (D:10)
  An ugly thing (D:9)
  3 elephants (Lair:4)
  A gargoyle (D:10)
  A fire drake (Lair:2)
  4 komodo dragons
  3 polar bears (Lair:2)
  13 blink frogs
  A slime creature (Lair:1)
  A wraith (D:9)
  A basilisk (Lair:2)
  2 wyverns
  A trapdoor spider (D:10)
  Grum (D:10)
  37 yaks
  4 hippogriffs
  5 water moccasins
  22 wolves
  A steam dragon (Lair:4)
  A human (D:10)
  2 hungry ghosts (D:9)
  2 wargs (D:10)
  A soldier ant (Lair:2)
  5 porcupines
  2 black bears
  7 ice beasts
  2 ogres
  2 orc warriors
  3 phantoms
  5 sky beasts
  The ghost of LilCorpsy the Poker, an average MfGl (D:3)
  5 crocodiles
  2 centaurs
  4 elf zombies (Ossuary)
  12 giant frogs
  9 big kobolds
  A gnoll sergeant (D:10)
  3 scorpions
  9 jellies
  6 killer bees
  An electric eel (Lair:3)
  4 crimson imps
  5 centaur zombies (Ossuary)
  3 human zombies (Ossuary)
  A giant frog zombie (D:8)
  Crazy Yiuf (D:2)
  A gnoll shaman (D:9)
  4 orc priests
  15 orc wizards
  5 hounds
  A giant frog skeleton (D:7)
  Terence (D:2)
  7 worker ants
  11 iguanas
  4 sheep (Lair:3)
  3 killer bee zombies
  2 hound zombies
  4 mummies
  2 hound skeletons
  20 river rats
  21 gnolls
  A shadow imp (D:7)
  2 white imps (Lair:2)
  12 adders
  12 oozes (Lair:1)
  An adder zombie (D:8)
  An adder skeleton (D:8)
  5 worms
  45 orcs
  2 ball pythons
  8 bats
  10 giant cockroaches
  11 goblins
  18 hobgoblins
  6 quokkas
  4 giant geckos
  3 giant newts
  A hobgoblin zombie (D:4)
  15 jackals
  A jackal zombie (D:6)
  24 kobolds
  A kobold zombie (D:4)
  A quokka skeleton (D:5)
  A quokka zombie (D:7)
  10 rats
  4 fungi
507 creatures vanquished.

Vanquished Creatures (others)
  An iguana (Lair:3)
  21 fungi
  9 plants
31 creatures vanquished.

Grand Total: 538 creatures vanquished

Notes
Turn   | Place    | Note
--------------------------------------------------------------
     0 | D:1      | Nakatomy the Minotaur Fighter began the quest for the Orb.
     0 | D:1      | Reached XP level 1. HP: 19/19 MP: 0/0
   333 | D:1      | Reached XP level 2. HP: 26/26 MP: 1/1
   970 | D:1      | Reached skill level 4 in Polearms
  1036 | D:2      | Reached XP level 3. HP: 31/31 MP: 2/2
  1343 | D:2      | Noticed Natasha
  1830 | D:2      | Reached skill level 5 in Polearms
  1848 | D:2      | Reached XP level 4. HP: 28/39 MP: 3/3
  2262 | D:2      | Noticed Terence
  2306 | D:2      | Killed Terence
  2306 | D:2      | Reached skill level 6 in Polearms
  2715 | D:2      | Noticed Crazy Yiuf
  3212 | D:2      | Reached XP level 5. HP: 45/45 MP: 4/4
  4081 | D:3      | Noticed LilCorpsy's ghost (average MfGl)
  4096 | D:3      | Killed LilCorpsy's ghost
  4096 | D:3      | Reached skill level 7 in Polearms
  4322 | D:2      | Killed Crazy Yiuf
  4322 | D:2      | Reached XP level 6. HP: 27/51 MP: 5/5
  4718 | D:3      | Reached skill level 8 in Polearms
  5236 | D:4      | Found a sand-covered staircase.
  5243 | Ossuary  | Entered an ossuary
  5301 | Ossuary  | Reached skill level 5 in Armour
  5301 | Ossuary  | Reached XP level 7. HP: 46/60 MP: 6/6
  5469 | Ossuary  | Reached skill level 5 in Fighting
  5750 | D:4      | Found a burning altar of Makhleb.
  6406 | D:4      | Reached XP level 8. HP: 70/70 MP: 7/7
  6859 | D:5      | Entered Level 5 of the Dungeon
  8307 | D:6      | Found a staircase to the Ecumenical Temple.
  8316 | Temple   | Entered the Ecumenical Temple
  8335 | Temple   | Became a worshipper of Warmaster Okawaru
  8615 | D:6      | Reached skill level 9 in Armour
  8858 | D:6      | Found an ancient bone altar of Kikubaaqudgha.
  8929 | D:6      | Found a sacrificial altar of Ru.
  8967 | D:6      | Found a deep blue altar of Sif Muna.
  8968 | D:6      | Found a shimmering altar of Xom.
  8968 | D:6      | Found a basalt altar of Yredelemnul.
  9269 | D:7      | Reached skill level 10 in Armour
  9386 | D:7      | Acquired Okawaru's first power
  9386 | D:7      | Reached XP level 9. HP: 75/79 MP: 8/8
 10105 | D:8      | Found a staircase to the Lair.
 10672 | D:8      | Reached skill level 10 in Fighting
 10962 | D:8      | Reached XP level 10. HP: 89/94 MP: 9/9
 11194 | D:9      | Noticed a purple ugly thing
 11209 | D:9      | Killed a purple ugly thing
 11209 | D:9      | Reached skill level 11 in Fighting
 11377 | D:9      | You fall through a shaft!
 11377 | D:10     | Entered Level 10 of the Dungeon
 11381 | D:10     | Noticed Grum
 11386 | D:10     | Reached skill level 10 in Polearms
 11393 | D:10     | Killed Grum
 11420 | D:10     | Reached skill level 12 in Fighting
 11705 | D:10     | Noticed timbw's ghost (experienced CeHu)
 11756 | D:10     | Killed timbw's ghost
 11917 | D:10     | Killed an unseen horror
 11917 | D:10     | Reached skill level 13 in Fighting
 12322 | D:10     | Reached skill level 14 in Fighting
 12322 | D:10     | Reached XP level 11. HP: 35/110 MP: 8/10
 12680 | D:9      | Acquired Okawaru's second power
 13383 | D:9      | Reached skill level 1 in Staves
 13624 | Lair:1   | Entered Level 1 of the Lair of Beasts
 13634 | D:8      | Received a gift from Okawaru
 14045 | Lair:1   | Reached skill level 15 in Fighting
 15238 | Lair:1   | Reached skill level 16 in Fighting
 15306 | Lair:1   | Reached skill level 5 in Staves
 15991 | Lair:2   | Reached XP level 12. HP: 112/124 MP: 11/11
 16094 | Lair:2   | Noticed an ice dragon
 16094 | Lair:2   | Noticed an ice statue
 16552 | Lair:2   | Killed an ice dragon
 16552 | Lair:2   | Received a gift from Okawaru
 16555 | Lair:2   | Got a crystal greatsling {god gift}
 16556 | Lair:2   | Identified the +3 greatsling "Pekirghua" {velocity, Int+2} (Okawaru gifted it to you on level 2 of the Lair of Beasts)
 17332 | Lair:2   | Noticed an eight-headed hydra
 17702 | Lair:2   | Killed an eight-headed hydra
 18353 | Lair:3   | Received a gift from Okawaru
 18971 | Lair:3   | Noticed a seven-headed hydra
 18982 | Lair:3   | Killed a seven-headed hydra
 19757 | Lair:4   | Noticed a five-headed hydra
 20310 | Lair:4   | Reached skill level 1 in Evocations
 20494 | Lair:4   | Reached XP level 13. HP: 65/130 MP: 11/13
 20507 | Lair:4   | Received a gift from Okawaru
 21079 | Lair:4   | Killed a five-headed hydra
 21377 | Lair:4   | HP: 3/130 [komodo dragon (15)]
 21378 | Lair:4   | Annihilated by a komodo dragon

Vault maps used:
D:1:      minmay_arrival_loop
D:2:      uniq_natasha, uniq_terence, uniq_crazy_yiuf_cottage
D:4:      nicolae_overflow_hidden_temple, first_bread,
          nicolae_ossuary_entry_giza
D:6:      minitemple, lemuel_crystal_altar, temple_pool_b
D:8:      lair_0_dummy, special_room
D:10:     erik_orc_4, uniq_maurice, uniq_grum
Temple:   nicolae_temple_god_jail
Lair:1:   lemuel_slime
Lair:2:   ice2_lemuel
Lair:3:   nicolae_quartered_pool_medium
Ossuary:  ossuary_minmay_four_chambers

Action                   |  1- 3 |  4- 6 |  7- 9 | 10-12 | 13-15 || total
-------------------------+-------+-------+-------+-------+-------++-------
Melee: Trident           |   154 |   200 |       |       |       ||   354
       Quarterstaff      |       |    69 |   452 |   993 |    53 ||  1567
 Fire: Hunting sling     |       |       |     6 |     4 |       ||    10
       Greatsling        |       |       |       |    30 |    12 ||    42
Throw: Stone             |     7 |     3 |     9 |    21 |     4 ||    44
       Javelin           |       |    18 |       |       |       ||    18
Invok: Heroism           |       |       |       |    14 |     2 ||    16
Evoke: Wand              |       |       |       |     2 |     1 ||     3
  Use: Scroll            |       |     1 |     4 |     5 |       ||    10
       Potion            |       |       |       |     3 |     4 ||     7
 Stab: Petrified         |       |     4 |       |     1 |       ||     5
       Petrifying        |       |     1 |       |     3 |     2 ||     6
       Paralysed         |       |       |     2 |    13 |     1 ||    16
       Confused          |       |       |       |     1 |       ||     1
  Eat: Chunk             |     2 |     9 |    13 |    23 |     3 ||    50
       Fruit             |     1 |     1 |     6 |     5 |       ||    13
       Pizza             |       |     1 |       |     2 |       ||     3
       Bread ration      |       |       |       |     1 |       ||     1
